Map: Blackburn LE

Players

Neeblet (Neeb) - Winner!

  • Race: Protoss Protoss

HeroMarine

  • Race: Terran Terran
  • League: Grandmaster

Event: DreamHack SC2 Masters 2021 Summer

VOD

Have the link to the VOD?

Description

Time

  • Played on: July 2, 2021, 12:42 p.m.
  • Length: 12:41

All games in this series

Show
View Real Time Build Order
Export as new Build Order

Neeblet Protoss - Winner!

Build Orders: 1 Gate Expand, Blink Stalkers 

Get SALT Encoding   

  12  0:00  Probe  
  13  0:12  Probe  
  14  0:17  Pylon  
  14  0:24  Probe (Chrono Boost)  
  15  0:35  Assimilator  
  15  0:36  Probe (Chrono Boost)  
  16  0:42  Gateway  
  16  0:45  Probe (Chrono Boost)  
  17  0:53  Probe  
  18  1:06  Probe  
  19  1:18  Probe  
  20  1:29  Cybernetics Core  
  20  1:31  Nexus  
  20  1:35  Probe  
  21  1:43  Pylon  
  21  1:46  Assimilator  
  21  1:50  Probe  
  22  2:02  Probe (Chrono Boost)  
  22  2:03  Adept (Chrono Boost)  
  22  2:06  Warp Gate  
  25  2:14  Probe (Chrono Boost)  
  26  2:19  Probe (Chrono Boost), Twilight Council  
  27  2:28  Stalker  
  29  2:31  Probe  
  30  2:43  Probe x2  
  31  2:53  Blink (Chrono Boost)  
  32  3:00  Probe x2 (Chrono Boost)  
  33  3:10  Probe (Chrono Boost)  
  33  3:11  Pylon  
  33  3:12  Probe (Chrono Boost)  
  35  3:15  Probe (Chrono Boost)  
  35  3:18  Robotics Facility  
  36  3:22  Gateway  
  36  3:23  Probe  
  36  3:26  Probe  
  38  3:37  Probe  
  39  3:43  Shield Battery, Probe  
  39  3:48  Shield Battery  
  38  3:49  Probe  
  38  3:54  Stalker  
  38  3:55  Probe  
  42  3:59  Pylon  
  42  4:02  Probe  
  43  4:07  Probe  
  43  4:09  Warp Prism  
  46  4:17  Stalker x2  
  46  4:19  Probe x2  
  52  4:25  Assimilator  
  52  4:34  Probe x2  
  51  4:43  Stalker x2  
  55  4:46  Probe  
  55  4:49  Observer  
  57  4:53  Pylon  
  57  4:56  Probe  
  58  5:06  Stalker  
  61  5:08  Stalker  
  61  5:11  Probe  
  61  5:12  Pylon  
  61  5:14  Probe  
  64  5:23  Probe  
  64  5:24  Immortal  
  69  5:30  Charge, Gateway  
  69  5:32  Gateway  
  69  5:40  Nexus  
  69  5:50  Stalker x2  
  69  5:53  Shield Battery  
  73  6:03  Immortal  
  74  6:11  Pylon  
  74  6:16  Stalker  
  74  6:17  Stalker  
  78  6:30  Probe  
  78  6:31  Stalker x2  
  73  6:39  Probe  
  74  6:40  Immortal (Chrono Boost)  
  78  6:47  Stalker x2  
  78  6:48  Probe  
  81  6:56  Probe  
  81  6:59  Stalker x2  
  81  7:00  Probe  
  83  7:04  Gateway  
  83  7:07  Gateway  
  83  7:13  Gateway  
  83  7:16  Gateway  
  83  7:20  Zealot  
  83  7:21  Zealot  
  85  7:23  Probe x2  
  85  7:27  Forge  
  87  7:34  Zealot x2  
  87  7:36  Probe  
  92  7:38  Probe  
  92  7:39  Robotics Bay  
  92  7:48  Probe  
  92  7:50  Probe  
  94  7:53  Zealot x2  
  94  7:56  Pylon x2, Probe  
  94  7:57  Zealot  
  101  8:04  Probe  
  100  8:08  Zealot x2  
  100  8:09  Zealot x2  
  96  8:14  Probe  
  96  8:16  Probe  
  94  8:21  Zealot x4  
  94  8:26  Colossus (Chrono Boost), Protoss Ground Weapons Level 1 (Chrono Boost)  
  92  8:33  Assimilator, Extended Thermal Lance  
  83  8:47  Sentry x2  
  84  8:57  Assimilator  
  84  9:00  Assimilator  
  84  9:09  Zealot x7  
  98  9:15  Probe  
  105  9:21  Pylon, Stalker  
  101  9:34  Zealot x5  
  101  9:35  Zealot x2  
  101  9:37  Probe  
  107  9:43  Pylon  
  107  9:44  Robotics Facility  
  107  9:45  Pylon, Robotics Facility  
  107  9:52  Probe x2  
  109  9:54  Pylon  
  109  10:00  Templar Archives  
  109  10:04  Zealot x5  
  119  10:10  Pylon  
  119  10:12  Pylon  
  117  10:24  Zealot x3  
  117  10:25  Zealot  
  129  10:40  High Templar x4  
  137  10:45  Archon x2  
  137  10:50  High Templar x4  
  137  10:54  Archon x2  
  96  11:19  Zealot  
  96  11:20  Zealot x3  
  103  11:30  Pylon, Nexus  
  90  11:48  Zealot, High Templar x2  
  90  11:52  Archon  
  96  11:55  Pylon  
  96  11:56  Shield Battery  
Show
View Real Time Build Order
Export as new Build Order

HeroMarine Terran 

Build Orders:  

Get SALT Encoding   

  12  0:00  SCV  
  13  0:12  SCV  
  14  0:17  Supply Depot  
  14  0:24  SCV  
  15  0:38  SCV  
  15  0:40  Barracks  
  16  0:43  Refinery  
  16  0:50  SCV  
  17  1:02  SCV  
  18  1:15  SCV  
  19  1:27  Orbital Command, Marine  
  20  1:45  Reaper  
  21  1:48  Command Center  
  21  1:56  Supply Depot  
  21  1:58  SCV  
  22  2:08  Factory  
  22  2:10  SCV  
  23  2:21  Barracks Reactor  
  23  2:23  Bunker, SCV  
  23  2:28  Refinery  
  24  2:35  SCV  
  25  2:47  SCV  
  26  2:56  Marine  
  26  2:57  Hellion, Marine  
  26  2:58  Starport  
  29  2:59  SCV  
  29  3:04  Orbital Command  
  30  3:11  SCV  
  31  3:14  Marine  
  31  3:15  Marine  
  31  3:18  Hellion  
  35  3:24  SCV  
  36  3:30  SCV  
  36  3:32  Marine  
  36  3:33  Marine  
  39  3:38  SCV  
  42  3:41  Factory Tech Lab  
  42  3:42  Starport Tech Lab, SCV  
  42  3:47  Supply Depot  
  41  3:50  SCV  
  41  3:52  Barracks  
  41  3:54  Marine x2, SCV  
  45  4:02  SCV  
  46  4:09  Raven, Supply Depot, SCV  
  49  4:11  Siege Tank  
  49  4:16  Barracks  
  52  4:17  SCV  
  52  4:21  SCV  
  52  4:23  Supply Depot  
  54  4:31  Marine, SCV  
  56  4:33  SCV  
  56  4:35  Marine  
  58  4:40  Marine  
  58  4:43  Siege Tank, SCV  
  58  4:45  Supply Depot  
  61  4:47  Supply Depot  
  61  4:51  Banshee  
  61  4:52  Marine  
  65  4:53  Marine  
  65  4:55  SCV  
  65  4:56  SCV  
  65  4:58  Marine  
  69  5:03  Marine  
  70  5:10  Marine  
  70  5:11  Refinery, Marine  
  72  5:15  Engineering Bay, Siege Tank  
  72  5:18  Marine  
  72  5:20  Marine  
  76  5:25  SCV x2  
  76  5:27  Marine  
  78  5:32  Marine  
  78  5:34  Viking  
  81  5:37  SCV  
  81  5:38  SCV  
  81  5:40  Marine x2  
  85  5:48  Siege Tank, Marine  
  85  5:49  SCV  
  88  5:50  Marine  
  89  5:57  SCV  
  89  5:58  Marine x2  
  89  6:01  SCV  
  90  6:04  Viking  
  90  6:06  Marine  
  90  6:08  Marine  
  93  6:15  SCV x2  
  93  6:18  Bunker  
  94  6:21  Terran Infantry Weapons Level 1  
  94  6:24  Marine  
  94  6:25  Barracks Tech Lab, Refinery  
  91  6:26  Marine  
  91  6:27  SCV  
  91  6:30  SCV  
  87  6:39  SCV  
  87  6:42  Stimpack, Marine, SCV  
  87  6:43  Marine  
  87  6:44  Marine x2  
  88  6:55  SCV x2  
  88  6:56  Combat Shield  
  88  6:59  Marine  
  88  7:00  Supply Depot  
  83  7:01  Marine  
  83  7:02  Marine x2  
  85  7:09  Siege Tank  
  85  7:11  Starport Reactor  
  88  7:17  Marine  
  88  7:19  Marine  
  88  7:20  Marine x2  
  89  7:27  Barracks  
  89  7:28  Barracks  
  89  7:35  Marine  
  86  7:37  Marine  
  86  7:38  Marauder x2  
  86  7:44  Siege Tank, Supply Depot  
  91  7:48  SCV x2  
  95  7:53  Marine  
  95  7:54  Medivac  
  95  7:55  Marine  
  95  7:56  Medivac  
  101  8:00  Marauder x2  
  100  8:11  Marine  
  88  8:12  Marine  
  88  8:15  Marine  
  77  8:21  Marauder x2  
  71  8:28  Medivac x2  
  71  8:29  Marine  
  71  8:30  Marine  
  71  8:33  Marine  
  73  8:38  SCV  
  73  8:42  Marine x2  
  73  8:44  SCV  
  73  8:46  Marine  
  73  8:48  Marine  
  76  8:50  SCV  
  76  8:51  Siege Tank, Marine  
  76  8:53  Marine  
  82  8:57  SCV  
  82  9:00  Marine x2  
  86  9:02  SCV  
  86  9:04  Marine  
  86  9:06  Marine  
  86  9:09  Marine, SCV  
  90  9:11  Marine  
  90  9:14  SCV  
  92  9:17  Medivac, Marine x2  
  92  9:21  SCV  
  92  9:22  Marine  
  92  9:24  Marine, Supply Depot  
  98  9:25  Medivac  
  98  9:27  Marine  
  98  9:29  Marine  
  100  9:32  SCV  
  100  9:33  SCV  
  100  9:35  Marine x2  
  83  9:40  Marine  
  83  9:42  Marine  
  83  9:44  Marine  
  88  9:46  Marine  
  89  9:54  Marauder x2  
  98  10:02  Siege Tank  
  98  10:04  Viking x2  
  98  10:06  Marine x4  
  103  10:15  Marauder x2  
  105  10:24  Marine x2  
  107  10:32  Marine  
  107  10:34  Siege Tank  
  111  10:36  Marauder x2  
  111  10:38  Marine  
  116  10:45  Marine x2  
  116  10:49  Marine  
  115  11:03  Marine  
  87  11:23  Marine x2  
  77  11:56  Orbital Command  
Tags
 
Add a new tag
Caveats
  • Supply blocks, unpowered buildings, or Contaminate may cause inaccurate times.
  • Supply counts are checked every 10 seconds.